 Dungeon Crawl Stone Soup version 0.29.1-15-g9cfb28693d (webtiles) character file.

Game seed: 3118835820850187877

5135 zeram the Blocker (level 10, -2/82 HPs)
             Began as a Gnoll Fighter on Apr 26, 2023.
             Was an Initiate of Gozag.
             Slain by a ten-headed hydra (8 damage)
             ... on level 8 of the Dungeon on Apr 27, 2023.
             The game lasted 00:16:46 (7381 turns).

zeram the Blocker (Gnoll Fighter)                   Turns: 7381, Time: 00:16:46

Health: -2/82      AC: 18    Str: 20    XL:     10   Next: 58%
Magic:  18/18      EV: 11    Int:  7    God:    Gozag
Gold:   772        SH:  5    Dex:  9    Spells: 20/20 levels left

rFire   . . .      SeeInvis .   A - +7 Throatcutter {drain, coup de grace}
rCold   . . .      Faith    .   c - +0 buckler
rNeg    . . .      Spirit   .   m - +3 scale mail of the Feral Alphagorgon {rPois Regen+ Dex-3 Slay+4}
rPois   +          Reflect  .   k - +0 helmet
rElec   .          Harm     .   d - +0 cloak
rCorr   .          Rampage  .   w - +2 pair of gloves
Will    .....                   t - +0 pair of boots
Stlth   +.........              (no amulet)
HPRegen 1.03/turn               (no ring)
MPRegen 0.16/turn               (no ring)

@: about to teleport
A: fangs 1, strong nose, distributed training
a: Renounce Religion, Potion Petition, Call Merchant, Bribe Branch


You were on level 8 of the Dungeon.
You worshipped Gozag.
Gozag was pleased with you.
You visited 2 branches of the dungeon, and saw 9 of its levels.

You collected 817 gold pieces.
You paid 45 gold pieces to Gozag.

Inventory:

Hand Weapons
 a - a +0 war axe
 o - a +2 quarterstaff of chaos
 y - a +5 scimitar
 A - the +7 Throatcutter (weapon) {drain, coup de grace}
   (You found it on level 6 of the Dungeon)

   A truly terrible weapon, it drains the life of any living foe it strikes.
   It may instantly kill foes which have little health.
Armour
 b - a +0 scale mail
 c - a +0 buckler (worn)
 d - a +0 cloak (worn)
 k - a +0 helmet (worn)
 m - the +3 scale mail of the Feral Alphagorgon (worn) {rPois Regen+ Dex-3 Slay+4}
   (You found it on level 2 of the Dungeon)

   Dex:       It affects your dexterity (-3).
   Slay:      It affects your accuracy & damage with ranged weapons and melee
   (+4).
   rPois:     It protects you from poison.
   Regen:     It increases your rate of health regeneration.
 n - a +0 helmet
 s - a +0 pair of gloves
 t - a +0 pair of boots (worn)
 w - a +2 pair of gloves (worn)
Jewellery
 E - an amulet of magic regeneration
 G - an amulet of regeneration
Wands
 B - a wand of digging (2)
Scrolls
 v - 2 scrolls of blinking
 z - a scroll of identify
 D - a scroll of fear
 F - a scroll of enchant weapon {unknown}
Potions
 e - 3 potions of invisibility
 g - a potion of degeneration
 h - 4 potions of mutation
 i - a potion of magic
 j - a potion of lignification
 l - 3 potions of brilliance
 p - 4 potions of curing
 r - a potion of might
 u - 3 potions of attraction
 x - 3 potions of haste
 C - a potion of cancellation {unknown}


   Skills:
 + Level 8.7 Fighting
 + Level 5.6 Short Blades
 + Level 5.6 Long Blades
 + Level 7.3 Axes
 + Level 5.6 Maces & Flails
 + Level 5.6 Polearms
 + Level 5.6 Staves
 + Level 5.6 Ranged Weapons
 + Level 5.6 Throwing
 + Level 8.7 Armour
 + Level 5.6 Dodging
 + Level 5.6 Stealth
 + Level 8.7 Shields
 + Level 5.6 Unarmed Combat
 + Level 5.6 Spellcasting
 + Level 4.6 Conjurations
 + Level 4.6 Hexes
 + Level 4.6 Summonings
 + Level 4.6 Necromancy
 + Level 4.6 Translocations
 + Level 4.6 Transmutations
 + Level 4.6 Fire Magic
 + Level 4.6 Ice Magic
 + Level 4.6 Air Magic
 + Level 4.6 Earth Magic
 + Level 4.6 Poison Magic
 + Level 6.2 Invocations
 + Level 5.6 Evocations


You had 20 spell levels left.
You didn't know any spells.
Your spell library contained the following spells:

 Spells                   Type           Power      Damage    Failure   Level
 Sting                    Tmut/Pois      32%        1d4       12%         1
 Ensorcelled Hibernation  Hex/Ice        16%        N/A       19%         2
 Passwall                 Tmut/Erth      6%         N/A       19%         2
 Poisonous Vapours        Pois/Air       16%        N/A       19%         2
 Conjure Flame            Conj/Fire      8%         6-21      34%         3
 Gell's Gravitas          Tloc           8%         N/A       34%         3
 Ignite Poison            Fire/Tmut/Pois 8%         N/A       34%         3
 Swiftness                Air            8%         N/A       34%         3
 Teleport Other           Tloc           8%         N/A       34%         3
 Dispel Undead            Necr           8%         3d8       75%         4
 Olgreb's Toxic Radiance  Pois           8%         N/A       75%         4
 Sticky Flame             Conj/Fire      8%         2d3       75%         4
 Death Channel            Necr           4%         N/A       100%        6
 Dispersal                Tloc           4%         N/A       100%        6
 Malign Gateway           Summ/Tloc      4%         N/A       100%        7
 Ozocubu's Refrigeration  Ice            4%         4d8       100%        7
 Ignition                 Fire           4%         3d4       100%        8
 Summon Horrible Things   Summ           4%         N/A       100%        8
 Corpse Rot               Necr/Pois/Air  Unusable   N/A       N/A         4

Dungeon Overview and Level Annotations

Branches:
Dungeon (8/15)             Temple (1/1) D:7
   Lair: D:8-11

Altars:
Ashenzari
Cheibriados
Dithmenos
Elyvilon
Fedhas
Gozag
Hepliaklqana
Kikubaaqudgha
Makhleb
Okawaru
Qazlal
Ru
Sif Muna
Trog
Uskayaw
Vehumet
Wu Jian
Xom
Yredelemnul
Zin
The Shining One


Innate Abilities, Weirdness & Mutations

You have very sharp teeth.
Your uncanny sense of smell can sniff out nearby items.
Your experience applies equally to all skills.


Message History

You drain the ten-headed hydra.
The ten-headed hydra is moderately wounded.
The ten-headed hydra bites you but does no damage.
The ten-headed hydra bites you!
* * * LOW HITPOINT WARNING * * *
You block the ten-headed hydra's attack.
The ten-headed hydra bites you but does no damage.
The ten-headed hydra misses you. The ten-headed hydra bites you!
* * * LOW HITPOINT WARNING * * *
The ten-headed hydra closely misses you.
The ten-headed hydra bites you.
* * * LOW HITPOINT WARNING * * *
The ten-headed hydra bites you.
* * * LOW HITPOINT WARNING * * *
You block the ten-headed hydra's attack.
You feel much better.
The ten-headed hydra bites you but does no damage.
The ten-headed hydra barely misses you.
The ten-headed hydra bites you but does no damage. x2
You block the ten-headed hydra's attack.
The ten-headed hydra bites you but does no damage.
The ten-headed hydra barely misses you.
The ten-headed hydra bites you but does no damage.
The ten-headed hydra closely misses you.
The ten-headed hydra barely misses you.
Press: ? - help, v - describe, . - travel
Here: a ten-headed hydra (moderately wounded, lightly drained)
The floor, spattered with blood.
Unknown command.
As you read the scroll of teleportation, it crumbles to dust.
You feel strangely unstable. The ten-headed hydra bites you.
* * * LOW HITPOINT WARNING * * *
The ten-headed hydra bites you!
* * * LOW HITPOINT WARNING * * *
The ten-headed hydra bites you.
* * * LOW HITPOINT WARNING * * *
The ten-headed hydra bites you but does no damage. x2
The ten-headed hydra bites you!
You die...
Your body crumbles into a pile of gold.

.##......##...##.................
..#......#.....#............<...#
..##.....#..)..#..............###
..###....#.....#..............##
#..####..##...##...............#
#..#########'#########.....)...#
#..##...##.....##...##.........#
...#(....#.....#.....#.........#
...#(.)..'..8..'@D...#........##
...#.....#.....#.....#.......##
...##...##.....##...##......##
...#######.[[..########..#### ##
...# #..##.....##....###..# ##.
..## ##..##..###...### #..# ##..
.## ##....<.....#######.## #...
## ###............###..# #...
##.............#..###...


You could see a ten-headed hydra (drained).

Vanquished Creatures
  A centaur warrior (D:8)
  A hornet (D:7)
  Prince Ribbit (D:6)
  Grinder (D:3)
  Sigmund (D:3)
  A steam dragon (D:8)
  3 yaks (D:7)
  2 water moccasins
  3 sky beasts
  2 orc warriors
  An ice beast (D:7)
  An ogre (D:4)
  2 centaurs
  2 phantoms
  Blork the orc (D:5)
  5 kobold brigands (D:6)
  A gnoll sergeant (D:8)
  A necrophage (D:8)
  3 scorpions
  7 wights
  An electric eel (D:8)
  A howler monkey (D:6)
  4 orc priests
  2 centaur zombies (D:7)
  3 hounds
  2 jellies
  Crazy Yiuf (D:2)
  Terence (D:2)
  4 iguanas
  4 orc wizards
  2 killer bee zombies (D:7)
  3 howler monkey zombies (D:7)
  Robin (D:1)
  3 adders
  10 gnolls
  A white imp (D:5)
  2 ufetubi
  4 worms
  5 dart slugs
  33 orcs
  6 bats
  10 endoplasms
  10 giant cockroaches
  13 goblins
  8 hobgoblins
  10 jackals
  A quokka (D:3)
  3 ball pythons
  6 frilled lizards
  4 kobolds
  8 rats
206 creatures vanquished.

Notes
Turn   | Place    | Note
-------+----------+-------------------------------------------
     0 | D:1      | zeram the Gnoll Fighter began the quest for the Orb.
     0 | D:1      | Reached XP level 1. HP: 23/23 MP: 1/1
     1 | D:1      | Found a runed translucent door.
   393 | D:1      | Reached XP level 2. HP: 29/29 MP: 2/2
   851 | D:1      | Found a faded altar of an unknown god.
   905 | D:1      | Reached XP level 3. HP: 31/35 MP: 3/3
   920 | D:1      | Reached skill level 1 in Invocations
   943 | D:1      | Reached skill level 1 in Short Blades
   943 | D:1      | Reached skill level 1 in Long Blades
   943 | D:1      | Reached skill level 1 in Maces & Flails
   943 | D:1      | Reached skill level 1 in Polearms
   943 | D:1      | Reached skill level 1 in Staves
   943 | D:1      | Reached skill level 1 in Ranged Weapons
   943 | D:1      | Reached skill level 1 in Throwing
   943 | D:1      | Reached skill level 1 in Dodging
   943 | D:1      | Reached skill level 1 in Stealth
   943 | D:1      | Reached skill level 1 in Unarmed Combat
   943 | D:1      | Reached skill level 1 in Spellcasting
   943 | D:1      | Reached skill level 1 in Evocations
  1200 | D:2      | Noticed Robin
  1212 | D:2      | Reached XP level 4. HP: 28/41 MP: 5/5
  1230 | D:1      | Killed Robin
  1367 | D:2      | Reached skill level 1 in Conjurations
  1367 | D:2      | Reached skill level 1 in Hexes
  1367 | D:2      | Reached skill level 1 in Summonings
  1367 | D:2      | Reached skill level 1 in Necromancy
  1367 | D:2      | Reached skill level 1 in Translocations
  1367 | D:2      | Reached skill level 1 in Transmutations
  1367 | D:2      | Reached skill level 1 in Fire Magic
  1367 | D:2      | Reached skill level 1 in Ice Magic
  1367 | D:2      | Reached skill level 1 in Air Magic
  1367 | D:2      | Reached skill level 1 in Earth Magic
  1367 | D:2      | Reached skill level 1 in Poison Magic
  1444 | D:2      | Found a runed translucent door.
  1445 | D:2      | Noticed Crazy Yiuf
  1489 | D:2      | Identified the +3 scale mail of the Feral Alphagorgon
                  | {rPois Regen+ Dex-3 Slay+4}
  1634 | D:2      | Noticed Terence
  1643 | D:2      | Killed Terence
  1644 | D:2      | Reached XP level 5. HP: 45/47 MP: 5/7
  1855 | D:2      | Killed Crazy Yiuf
  1922 | D:3      | Noticed Grinder
  1925 | D:3      | Paralysed by Grinder for 5 turns
  1932 | D:3      | Paralysed by Grinder for 5 turns
  1940 | D:3      | Paralysed by Grinder for 2 turns
  1948 | D:3      | Killed Grinder
  1949 | D:3      | Reached skill level 5 in Axes
  1949 | D:3      | Reached XP level 6. HP: 24/53 MP: 7/9
  2009 | D:3      | Found a shimmering altar of Xom.
  2020 | D:3      | Noticed Sigmund
  2041 | D:3      | Killed Sigmund
  2042 | D:3      | Reached XP level 7. HP: 54/60 MP: 10/10
  3302 | D:4      | Found a blossoming altar of Fedhas.
  3435 | D:5      | Entered Level 5 of the Dungeon
  3444 | D:5      | You fall into a shaft and drop 2 floors!
  3631 | D:7      | Noticed a yak
  3632 | D:7      | Noticed a yak
  3643 | D:7      | Killed a yak
  3644 | D:7      | Reached XP level 8. HP: 66/67 MP: 12/12
  3654 | D:7      | Killed a yak
  3704 | D:7      | Found a basalt altar of Yredelemnul.
  3822 | D:7      | Noticed a hornet
  3833 | D:7      | Killed a hornet
  3880 | D:7      | Reached XP level 9. HP: 53/72 MP: 14/14
  4039 | D:7      | Found a broken altar of Ashenzari.
  4249 | D:7      | Found a staircase to the Ecumenical Temple.
  4333 | D:7      | Found a glowing silver altar of Zin.
  4458 | Temple   | Entered the Ecumenical Temple
  4603 | Temple   | Became a worshipper of Gozag Ym Sagoz the Greedy
  4785 | D:8      | Noticed a centaur warrior
  4795 | D:8      | Killed a centaur warrior
  4796 | D:8      | Reached skill level 5 in Invocations
  4969 | D:6      | Found a shadowy altar of Dithmenos.
  5012 | D:6      | Reached skill level 5 in Short Blades
  5012 | D:6      | Reached skill level 5 in Long Blades
  5012 | D:6      | Reached skill level 5 in Maces & Flails
  5012 | D:6      | Reached skill level 5 in Polearms
  5012 | D:6      | Reached skill level 5 in Staves
  5012 | D:6      | Reached skill level 5 in Ranged Weapons
  5012 | D:6      | Reached skill level 5 in Throwing
  5012 | D:6      | Reached skill level 5 in Dodging
  5012 | D:6      | Reached skill level 5 in Stealth
  5012 | D:6      | Reached skill level 5 in Unarmed Combat
  5012 | D:6      | Reached skill level 5 in Spellcasting
  5012 | D:6      | Reached skill level 5 in Evocations
  5012 | D:6      | Reached XP level 10. HP: 81/81 MP: 17/17
  5091 | D:6      | Found a radiant altar of Vehumet.
  5234 | D:6      | Found the +7 Throatcutter {drain, coup de grace}
  5307 | D:6      | Noticed Prince Ribbit
  5316 | D:6      | Killed Prince Ribbit
  6007 | D:5      | Found an ancient bone altar of Kikubaaqudgha.
  6031 | D:5      | Found a shimmering blue altar of Sif Muna.
  6117 | D:5      | Noticed Blork the orc
  6121 | D:5      | Killed Blork the orc
  7372 | D:8      | Noticed a five-headed hydra
  7381 | D:8      | Slain by a ten-headed hydra

Illustrated notes

Levels and vault maps discovered:
D:1:      dpeg_arrival_caged_fury, layout_basic,
          hellmonk_ecumenical_altar_inner_sanctum, grunt_decor_one_mirror
D:2:      layout_basic, uniq_crazy_yiuf_cottage, uniq_terence, uniq_robin
D:3:      layout_basic, xom_teletrap_fun, uniq_sigmund, uniq_grinder
D:4:      layout_loops_corners, fedhas_altar_4
D:5:      layout_cave_pools, led_sif_pool, kennysheep_little_box,
          uniq_blork_the_orc
D:6:      layout_loops_ring, nicolae_vehumet_radiance,
          nicolae_dithmenos_through_a_glass_darkly,
          dilly_guarded_unrand_throatcut, uniq_prince_ribbit1
D:7:      layout_basic, ashenzari_altar_1, nicolae_yredelemnul_corpse_copse,
          kennysheep_mini, minmay_temple_entry_poolview
D:8:      cheibrodos_helix_gallery, layout_cave_pods, kennysheep_nub,
          minmay_three_doors
Temple:   hellmonk_temple_forest_ring

Skill      XL: |  1  2  3  4  5  6  7  8  9 10 |
---------------+-------------------------------+-----
Invocations    | 1 2 3 4 5 6 |  6.2
Short Blades   | 1 2 3 5 |  5.6
Long Blades    | 1 2 3 5 |  5.6
Maces & Flails | 1 2 3 5 |  5.6
Polearms       | 1 2 3 5 |  5.6
Staves         | 1 2 3 5 |  5.6
Ranged Weapons | 1 2 3 5 |  5.6
Throwing       | 1 2 3 5 |  5.6
Dodging        | 1 2 3 5 |  5.6
Stealth        | 1 2 3 5 |  5.6
Unarmed Combat | 1 2 3 5 |  5.6
Spellcasting   | 1 2 3 5 |  5.6
Evocations     | 1 2 3 5 |  5.6
Conjurations   | 1 2 3 4 |  4.6
Hexes          | 1 2 3 4 |  4.6
Summonings     | 1 2 3 4 |  4.6
Necromancy     | 1 2 3 4 |  4.6
Translocations | 1 2 3 4 |  4.6
Transmutations | 1 2 3 4 |  4.6
Fire Magic     | 1 2 3 4 |  4.6
Ice Magic      | 1 2 3 4 |  4.6
Air Magic      | 1 2 3 4 |  4.6
Earth Magic    | 1 2 3 4 |  4.6
Poison Magic   | 1 2 3 4 |  4.6
Axes           | 5 6 7 |  7.3
Fighting       | 7 8 |  8.7
Armour         | 7 8 |  8.7
Shields        | 7 8 |  8.7

Action                   |  1- 3 |  4- 6 |  7- 9 | 10-12 || total
-------------------------+-------+-------+-------+-------++-------
Melee: War axe           |   110 |    83 |   181 |       ||   374
       Bite              |     8 |    10 |    31 |    17 ||    66
       Scimitar          |       |       |    46 |    61 ||   107
       Long sword        |       |       |       |   107 ||   107
  Use: Potion            |       |     1 |     1 |     1 ||     3
       Scroll            |       |       |    12 |     1 ||    13
 Stab: Sleeping          |       |       |       |     2 ||     2
Armor: Scale mail        |    44 |    38 |   148 |   144 ||   374
Dodge: Dodged            |    53 |    28 |   114 |   107 ||   302
Block: Buckler           |    29 |    23 |    61 |    48 ||   161
